AoeStats
← _WizarD_

MegaRandom

509988485Analyzed
4v4 RM · 4d ago on Sep 28, 2026· 42m 24s· 8 players
Game mode
Random Map
Map size
Large (8 player)
Population
200
Speed
Normal
Resources
Standard
Victory
Conquest
Starting age
Dark Age
Ending age
Imperial Age
RankedLock teamsTeams togetherTeam positionsShared explorationLock speedFull tech treeHidden civsTurbo modeCheats
Victory
Defeat
🇲🇽 Georgians · Mexico
1649
+9
🇩🇪 Britons · Germany
1601
+10
🇭🇺 Mongols · Hungary
1513
+14
🇨🇴 Mongols · Colombia
1496
+14
🇧🇷 Saxons · Brazil
1545
-15
🇺🇸 Mongols · United States
1449
-11
🇲🇽 Britons · Mexico
1446
-11
🇺🇸 Vietnamese · United States
1429
-10
MZTK | KaLiuM
5:59 Loom
8:49 Feudal Age
9:24 Double-Bit Axe
10:21 Horse Collar
12:31 Town Watch
16:30 Bloodlines
17:30 Fletching
22:11 Wheelbarrow
26:07 Castle Age
24:29 Gold Mining
26:36 Padded Archer Armor
29:11 Leather Archer Armor
30:13 Bow Saw
30:59 Bodkin Arrow
32:32 Thumb Ring
33:40 Heavy Plow
34:55 Ballistics
35:33 Hand Cart
40:51 Imperial Age
39:43 Gold Shaft Mining
38:58 Stone Mining
40:56 Heavy Cavalry Archer
42:21 Bracer
43:44 Chemistry
DraveczB
9:07 Loom
11:51 Feudal Age
13:02 Double-Bit Axe
16:26 Castle Age
15:03 Wheelbarrow
14:27 Horse Collar
16:57 Forging
17:27 Scale Barding Armor
21:07 Husbandry
22:57 Bloodlines
23:35 Gold Mining
25:07 Bow Saw
25:24 Heavy Plow
25:28 Stone Mining
26:08 Town Watch
27:08 Forging
30:30 Iron Casting
35:32 Imperial Age
33:29 Hand Cart
33:52 Chain Barding Armor
34:15 Fletching
35:28 Gold Shaft Mining
35:28 Stone Shaft Mining
34:51 Light Cavalry
35:59 Hussar
37:41 Blast Furnace
36:34 Onager
38:33 Chemistry
39:31 Drill
38:44 Capped Ram
40:03 Siege Ram
40:32 Siege Onager
42:24 Siege Engineers
Fs.zanatta
6:31 Loom
8:59 Feudal Age
9:33 Double-Bit Axe
11:43 Town Watch
16:54 Fletching
21:16 Horse Collar
24:55 Castle Age
23:33 Padded Archer Armor
24:12 Gold Mining
24:56 Crossbowman
25:36 Bodkin Arrow
27:14 Ballistics
29:13 Bow Saw
31:22 Wheelbarrow
33:10 Hand Cart
36:32 Imperial Age
34:33 Stone Mining
36:03 Gold Shaft Mining
38:25 Chemistry
37:51 Onager
40:12 Conscription
42:33 Bracer
MZTK | Foxy
10:38 Feudal Age
16:48 Castle Age
14:30 Horse Collar
15:12 Double-Bit Axe
16:35 Fishing Lines
17:56 Bow Saw
21:30 Scale Barding Armor
23:05 Chain Barding Armor
22:38 Gold Mining
23:12 Husbandry
23:48 Forging
23:57 Bloodlines
25:23 Iron Casting
25:37 Fervor
26:11 Wheelbarrow
25:23 Loom
25:24 Town Watch
25:52 Stone Mining
27:21 Sanctity
28:23 Stone Shaft Mining
28:21 Hand Cart
30:40 Heavy Plow
35:38 Imperial Age
33:37 Svan Towers
33:36 Town Patrol
33:40 Gillnets
35:25 Fletching
36:10 Bodkin Arrow
36:08 Guard Tower
36:42 Conscription
36:58 Plate Barding Armor
36:12 Cavalier
37:52 Blast Furnace
37:00 Aznauri Cavalry
37:29 Bodkin Arrow
38:10 Crop Rotation
37:25 Elite Monaspa
39:38 Ballistics
40:18 Chemistry
39:54 Keep
40:16 Bracer
41:13 Careening
41:09 Siege Engineers
40:45 Treadmill Crane
41:15 Masonry
busy pushing deer
9:06 Feudal Age
9:40 Double-Bit Axe
16:27 Scale Barding Armor
16:33 Forging
17:01 Wheelbarrow
17:11 Fishing Lines
22:37 Castle Age
21:17 Stone Mining
21:18 Gold Mining
21:15 Horse Collar
21:28 Fletching
24:11 Heavy Plow
25:16 Bodkin Arrow
27:36 Ballistics
30:23 Padded Archer Armor
30:20 Loom
30:21 Town Watch
31:26 Leather Archer Armor
35:39 Hand Cart
35:59 Bow Saw
40:15 Imperial Age
38:27 Stone Shaft Mining
39:49 Chatras
40:10 Chain Barding Armor
40:25 Iron Casting
41:08 Bloodlines
40:58 Husbandry
40:30 Elite Rattan Archer
41:31 Paper Money
41:15 Bracer
41:51 Plate Barding Armor
42:55 Chemistry
MEX_Angel_Tj
6:55 Loom
9:33 Feudal Age
10:49 Double-Bit Axe
10:57 Fletching
24:48 Castle Age
24:26 Wheelbarrow
24:54 Padded Archer Armor
24:53 Crossbowman
25:29 Bodkin Arrow
26:23 Leather Archer Armor
33:09 Gold Mining
34:31 Gold Shaft Mining
35:54 Ballistics
36:15 Stone Mining
38:24 Hand Cart
41:05 Imperial Age
38:50 Pikeman
39:31 Squires
39:46 Bow Saw
SeiyaPegasus
8:54 Loom
11:05 Feudal Age
14:57 Castle Age
13:05 Double-Bit Axe
13:37 Fletching
15:40 Bodkin Arrow
16:54 Horse Collar
23:28 Wheelbarrow
23:20 Bow Saw
24:42 Ballistics
25:15 Heavy Plow
25:57 Gold Mining
29:31 Wheelbarrow
32:41 Imperial Age
29:59 Town Watch
31:19 Guard Tower
32:10 Hand Cart
33:39 Bracer
34:40 Chemistry
34:51 Two-Man Saw
36:09 Keep
35:19 Arrowslits
36:07 Conscription
37:11 Scale Mail Armor
37:03 Shield Wall
38:04 Conscription
37:55 Forging
37:32 Elite Longship
38:52 Chain Mail Armor
40:16 Plate Mail Armor
39:48 Squires
39:33 Arson
40:54 Iron Casting
40:50 Elite Varangian Guard
_WizarD_
5:28 Loom
9:49 Feudal Age
10:26 Double-Bit Axe
22:13 Castle Age
20:41 Gold Mining
21:10 Horse Collar
23:35 Forging
24:27 Bow Saw
26:06 Scale Barding Armor
31:49 Iron Casting
35:55 Stone Mining
39:24 Wheelbarrow
Connection lost

Rejoining the realm…

Still unreachable

The connection could not be restored.

Session expired

The server has moved on; the page needs a fresh start.